 Dungeon Crawl Stone Soup version 0.31-a0-437-g7cee417757 (webtiles) character file.

Game seed: 2016225607443672440

139 Raymar the Slasher (level 5, 0/38 HPs)
             Began as a Human Reaver on Aug 2, 2023.
             Was a Follower of Qazlal.
             Slain by an ice beast (11 damage)
             ... on level 3 of the Dungeon.
             The game lasted 00:09:55 (2327 turns).

Raymar the Slasher (Human Reaver)                   Turns: 2327, Time: 00:09:55

Health: 0/38       AC:  3    Str: 12    XL:     5   Next: 46%
Magic:  5/8        EV: 12    Int: 19    God:    Qazlal [*.....]
Gold:   51         SH:  1    Dex: 14    Spells: 0/8 levels left

rFire   . . .        a - +0 falchion
rCold   . . .        (no shield)
rNeg    . . .        b - +0 leather armour
rPois   .            (no helmet)
rElec   .            (no cloak)
rCorr   .            (no gloves)
SInv    .            (no boots)
Will    .....        f - amulet of the acrobat
Stlth   +            d - +6 ring of intelligence
HPRegen 0.26/turn    (no ring)
MPRegen 0.11/turn

%: acrobat
@: very slightly contaminated
A: no striking features
a: Renounce Religion


You were on level 3 of the Dungeon.
You worshipped Qazlal.
Qazlal was aware of your devotion.
You visited 1 branch of the dungeon, and saw 3 of its levels.

You collected 51 gold pieces.

Inventory:

Hand Weapons
 a - a +0 falchion (weapon)
 g - a +4 whip
Armour
 b - a +0 leather armour (worn)
Jewellery
 d - a +6 ring of intelligence (left hand)
 f - an amulet of the acrobat (around neck)
Wands
 c - a wand of paralysis (5)
Potions
 e - a potion of enlightenment


   Skills:
 * Level 2.3 Fighting
 * Level 4.4 Long Blades
 * Level 1.8 Armour
 * Level 2.5 Dodging
 * Level 2.3 Spellcasting
 + Level 3.2 Conjurations


You couldn't memorise any spells.
You knew the following spells:

 Your Spells              Type           Power      Damage    Failure   Level
a - Kiss of Death         Conj/Necr      32%        2d7       11%         1
b - Iskenderun's Mystic   Conj/Tloc      8%         2d4       71%         4
c - Summon Guardian Gole  Hex/Summ       2%         N/A       52%         3

Your spell library contained the following spells:

 Spells                   Type           Power      Damage    Failure   Level
 Momentum Strike          Conj/Tloc      16%        3d8       16%         2
 Hailstorm                Conj/Ice       8%         3d4       32%         3
 Volatile Blastmotes      Fire/Tloc      4%         2d10      52%         3
 Fulminant Prism          Conj/Hex       4%         3d5       71%         4
 Orb of Destruction       Conj           7%         9d6       100%        7
 Spellforged Servitor     Conj/Summ      4%         N/A       100%        7


Dungeon Overview and Level Annotations

Branches:
Dungeon (3/15)

Altars:
Qazlal
Xom


Message History

You see here a rat corpse.
An ice beast is nearby!
Okay, then.
Casting: Kiss of Death (safe; 11% risk of failure)
Confirm with . or Enter, or press ? or * to list all spells.
Okay, then.
This spell is quite dangerous to cast!
Memorise Summon Guardian Golem, consuming 3 spell levels and leaving 0?
You start memorising the spell.
You continue memorising. x3
You finish memorising.
Spell assigned to 'c'.
The ice beast hits you but does no damage.
The ice beast attacks as you move away! The ice beast completely misses you.
The ice beast attacks as you move away! The ice beast hits you.
The ice beast freezes you.
Okay, then.
Casting: Kiss of Death (safe; 11% risk of failure)
Confirm with . or Enter, or press ? or * to list all spells.
The spell is quite dangerous to miscast (52% risk of failure)!
Continue anyway?
You miscast Summon Guardian Golem.
You are very lightly contaminated with residual magic.
Nothing appears to happen.
The ice beast hits you. The ice beast freezes you!
You hit the ice beast.
The ice beast is lightly wounded.
You block the ice beast's attack.
You hit the ice beast but do no damage.
The ice beast is lightly wounded.
The ice beast hits you. The ice beast freezes you.
You closely miss the ice beast.
The ice beast is lightly wounded.
The ice beast hits you but does no damage.
You hit the ice beast.
The ice beast is moderately wounded.
The ice beast hits you but does no damage.
The ice beast barely misses you.
You closely miss the ice beast.
The ice beast is moderately wounded.
The ice beast hits you.
* * * LOW HITPOINT WARNING * * *
The ice beast freezes you!
You die...

..> #.#.# ##.......#
#...#.#<# #........#
...##.#÷###........#
#................... #
##.##.#.[.[........# #.
##.##.##............
#.##..##.##.####.#####.
#........##.####.# #.
##....@..........# #.
....#..Y#####.####.# #.
.. ##..# #.# #.#####.
#..# #.# #....... #.†#
#.# ####...# ........#
#.# #...# ......[.# #.#
##..# ....##### #.#
#... ##.# #.##### #.##


You could see an ice beast.

Vanquished Creatures
  A jelly (D:3)
  7 adders
  A dart slug (D:3)
  An orc (D:3)
  5 endoplasms (D:1)
  2 giant cockroaches
  7 hobgoblins
  3 kobolds
  5 ball pythons
  3 bats
  A frilled lizard (D:3)
  5 goblins
  3 rats
44 creatures vanquished.

Notes
Turn   | Place    | Note
-------+----------+-------------------------------------------
     0 | D:1      | Raymar the Human Reaver began the quest for the Orb.
     0 | D:1      | Reached XP level 1. HP: 16/16 MP: 3/3
    18 | D:1      | You fall into a shaft and drop 1 floor!
    39 | D:2      | Reached XP level 2. HP: 17/22 MP: 3/5
    73 | D:2      | Reached XP level 3. HP: 21/23 MP: 4/6
    77 | D:2      | Reached skill level 1 in Armour
   394 | D:2      | Found a stormy altar of Qazlal.
   403 | D:2      | Became a worshipper of Qazlal Stormbringer
  1233 | D:1      | Reached XP level 4. HP: 31/32 MP: 7/7
  1241 | D:1      | Reached * piety under Qazlal
  1486 | D:1      | Learned a level 4 spell: Iskenderun's Mystic Blast
  1876 | D:3      | Reached skill level 4 in Long Blades
  1890 | D:3      | Reached XP level 5. HP: 12/38 MP: 8/8
  2243 | D:3      | Found a shimmering altar of Xom.
  2313 | D:3      | Noticed an ice beast
  2318 | D:3      | Learned a level 3 spell: Summon Guardian Golem
  2327 | D:3      | Slain by an ice beast

Illustrated notes

Levels and vault maps discovered:
D:1:      minmay_arrival_stone_box, layout_basic,
          nicolae_concentric_dashed_squares_wild, st_stairs_13,
          minmay_pentomino_v2
D:2:      layout_basic, basic_altar, st_stairs_6, nicolae_eternal_life,
          minivault_14
D:3:      layout_loops_ring, lemuel_crystal_altar, lemuel_round_altar

Skill      XL: |  1  2  3  4 |
---------------+-------------+-----
Armour         | 1 |  1.8
Long Blades    | 4 |  4.4
Fighting       | |  2.3
Dodging        | |  2.5
Spellcasting   | |  2.3
Conjurations   | |  3.2

Action                     |  1- 3 |  4- 6 || total
---------------------------+-------+-------++-------
  Melee: Falchion          |    80 |   102 ||   182
         Punch             |       |     1 ||     1
   Cast: Kiss of Death     |     2 |       ||     2
    Use: Scroll            |     5 |       ||     5
         Potion            |       |     1 ||     1
 Armour: Leather armour    |    16 |    38 ||    54
  Dodge: Dodged            |    79 |    58 ||   137
  Block: Other             |       |     4 ||     4

Table legend: (Time is in decaauts)
 A = Elapsed time spent in this place.
 B = Non-inter-level travel time spent in this place.
 C = Inter-level travel time spent in this place.
 D = Time resting spent in this place.
 E = Time spent auto-exploring this place.
 F = Levels seen in this place.
 G = Mean time per level.
                   A        B        C        D        E       F      G
               +--------+--------+--------+--------+--------+-----+--------+
         Total |   2348 |   2207 |    141 |    495 |   1211 |   3 |  782.7 |
       Dungeon |   2348 |   2207 |    141 |    495 |   1211 |   3 |  782.7 |
               +--------+--------+--------+--------+--------+-----+--------+

Top non-repeatable levels by time:
     D:2: 957 daAuts
     D:1: 916 daAuts
     D:3: 474 daAuts
